 Dungeon Crawl Stone Soup version 0.25.0-11-g1f837a76a1 (webtiles) character file.

Game seed: 7851784732379817516

14580 xccam the Carver (level 12, -6/71 HPs)
             Began as a Tengu Assassin on June 25, 2020.
             Was an Elder of Vehumet.
             Mangled by Snorg (20 damage)
             ... on level 11 of the Dungeon.
             The game lasted 00:24:40 (11727 turns).

xccam the Carver (Tengu Assassin)                  Turns: 11727, Time: 00:24:41

Health: -6/71      AC:  9    Str: 12    XL:     12   Next: 18%
Magic:  26/26      EV: 19    Int: 17    God:    Vehumet [****..]
Gold:   38         SH: 12    Dex: 15    Spells: 14/17 levels left

rFire    + . .     SeeInvis +   e - +6 falchion (vamp)
rCold    . . .     Gourm    .   F - +2 buckler {AC+3}
rNeg     . . .     Faith    .   A - +1 leather armour {rF+}
rPois    .         Spirit   .   (helmet restricted)
rElec    .         Reflect  +   c - +0 cloak
rCorr    .         Harm     .   (no gloves)
MR       .....                  (boots unavailable)
Stlth    ++........             g - amulet of reflection
HPRegen  0.21/turn              q - ring of see invisible
MPRegen  0.20/turn              b - ring of magical power

@: flying quickly and evasively, quick
A: beak, talons 3, able to fly
a: Stop Flying, Renounce Religion


You were on level 11 of the Dungeon.
You worshipped Vehumet.
Vehumet was greatly pleased with you.
You were very hungry.

You visited 2 branches of the dungeon, and saw 12 of its levels.
You also visited: Ossuary.

You collected 557 gold pieces.
You spent 519 gold pieces at shops.

Inventory:

Hand Weapons
 a - a +2 dagger
 e - a +6 vampiric falchion (weapon)
 H - a +0 dagger of speed
Missiles
 d - 29 poisoned darts (quivered)
 I - 5 curare-tipped darts
 Q - 15 stones
Armour
 c - a +0 cloak (worn)
 v - a +1 robe of fire resistance
 w - a +0 scale mail
 A - a +1 leather armour of fire resistance (worn)
 F - a +2 buckler of protection (worn)
 N - a +2 robe of cold resistance
Jewellery
 b - a ring of magical power (right hand)
 g - an amulet of reflection (around neck)
 q - a ring of see invisible (left hand)
 C - an uncursed ring of ice
 D - an uncursed ring of magical power
 L - an uncursed amulet of the acrobat
 S - an uncursed ring of wizardry
Wands
 m - a wand of paralysis (5)
 G - a wand of flame (25)
 J - a wand of polymorph (4)
 M - a wand of digging (7)
 O - a wand of acid (6)
Scrolls
 i - 4 scrolls of amnesia
 k - 4 scrolls of blinking
 n - 2 scrolls of enchant weapon
 p - 8 scrolls of remove curse
 u - 7 scrolls of teleportation
 y - 2 scrolls of fog
 z - 2 scrolls of enchant armour
 E - 2 scrolls of identify
 K - a scroll of fear
 P - a scroll of magic mapping
Potions
 h - 4 potions of brilliance
 j - 5 potions of heal wounds
 l - 3 potions of stabbing
 o - a potion of haste
 r - 9 potions of curing
 s - a potion of might
 t - 4 potions of lignification
 x - a potion of invisibility
 B - 3 potions of flight
 R - a potion of cancellation
Comestibles
 f - 15 rations


   Skills:
 + Level 6.6 Fighting
 - Level 6.5(10.9) Short Blades
 - Level 13.4(14.0) Long Blades
 - Level 4.0 Throwing
 + Level 6.4 Armour
 + Level 7.0 Dodging
 - Level 4.0 Stealth
 - Level 5.0 Shields
 - Level 3.0 Spellcasting
 - Level 5.0 Conjurations


You had 14 spell levels left.
You knew the following spells:

 Your Spells              Type           Power        Failure   Level  Hunger
a - Sandblast             Erth           #.....       6%          1    None
b - Searing Ray           Conj           ###...       1%          2    ##.....

Your spell library contained the following spells:

 Spells                   Type           Power        Failure   Level  Hunger
 Frozen Ramparts          Ice            #.....       17%         3    ###....
 Shock                    Conj/Air       ##..         2%          1    None
 Static Discharge         Conj/Air       ##......     6%          3    ###....
 Swiftness                Chrm/Air       #.......     32%         2    ##.....
 Airstrike                Air            #.........   45%         4    ####...
 Lightning Bolt           Conj/Air       ##........   45%         5    ######.


Dungeon Overview and Level Annotations

Branches:
Dungeon (11/15)            Temple (1/1) D:7            Lair (0/6) D:9
    Orc (0/2) D:10        Ossuary (visited)

Altars:
Ashenzari
Cheibriados
Dithmenos
Elyvilon
Fedhas
Gozag
Hepliaklqana
Kikubaaqudgha
Makhleb
Nemelex Xobeh
Okawaru
Qazlal
Sif Muna
Trog
Uskayaw
Vehumet
Wu Jian
Xom
Yredelemnul
Zin
The Shining One

Shops:
D:4 [   D:6 (%:   D:7 =   D:10 !

Annotations:
D:8 3 runed translucent doors, Asparus's ghost, novice DEAE; Jaiteiro's ghost, novice FoHu; NoobNation's ghost, novice FoGl; windycow's ghost, novice CeHu; wineyard's ghost, journeyman HOGl
D:11 Snorg


Innate Abilities, Weirdness & Mutations

You have a beak for a mouth.
You have claws for feet.
You can fly continuously.


Message History

Your kick misses Snorg.
Snorg is severely wounded.
You block Snorg's attack. Snorg closely misses you.
You hit Snorg.
Snorg is severely wounded.
You closely miss Snorg. You peck Snorg.
Snorg is almost dead.
You block Snorg's attack. x2; Snorg claws you.
* * * LOW HITPOINT WARNING * * *
You slash Snorg!
Snorg is almost dead.
You block Snorg's attack. Snorg barely misses you. Snorg claws you.
* * * LOW HITPOINT WARNING * * *
You hit Snorg.
You feel better.
Snorg is almost dead.
Snorg completely misses you. Snorg claws you but does no damage. x2
You closely miss Snorg. You claw Snorg!
Snorg is almost dead.
Snorg bites you!!
You die...

#.# #.###†#.###.# #.#
#.#..).....[# #.#
#.#.#.#.##### #.#
#.#.#.#.## #.#
#.#......# #.#
#.#^#.#.## #)#
#(#...#.# #<#
#T#.#.#.# ###
#@#.#.#.#
#######.#.#.#.#######
#.......#.#.........#
#.#######.....#####.#
#.# ####### #.# #.#
#.# #.# #.# #.# #.#
#.#################.#


You could see Snorg (berserk).

Vanquished Creatures
  Fannar (D:11)
  Harold (D:7)
  3 two-headed ogres
  2 unseen horrors
  Pikel (D:7)
  An ugly thing (D:10)
  A hornet (D:8)
  6 trolls
  2 hippogriffs
  A vampire (D:9)
  6 yaks (D:9)
  Eustachio (D:5)
  A wyvern (D:9)
  A steam dragon (D:7)
  A hungry ghost (D:9)
  3 wargs (D:9)
  2 water moccasins
  4 ice beasts
  A slave (D:7)
  A black bear (D:11)
  2 phantoms
  3 orc warriors
  5 ogres
  An eye of draining (D:9)
  2 necrophages
  5 centaurs
  5 bullfrogs
  2 big kobolds
  Blork the orc (D:4)
  3 water moccasin zombies (Ossuary)
  3 scorpions
  11 wights
  4 howler monkeys
  4 crimson imps
  A quasit (D:5)
  A centaur zombie (D:10)
  6 hounds
  A bullfrog zombie (D:10)
  A jelly (D:8)
  10 orc priests
  Crazy Yiuf (D:2)
  16 orc wizards
  A centaur skeleton (D:9)
  2 iguanas
  9 worker ants
  Natasha (thrice) (D:2)
  2 killer bee zombies
  3 big kobold zombies (Ossuary)
  A hound skeleton (D:6)
  2 mummies (Ossuary)
  A worker ant zombie (D:11)
  8 adders
  3 shadow imps
  An ooze (D:4)
  5 adder zombies (Ossuary)
  An adder skeleton (D:4)
  5 worms
  A dart slug (D:2)
  7 leopard geckos
  36 orcs
  3 giant cockroaches
  5 gnoll zombies (Ossuary)
  13 goblins
  6 hobgoblins
  11 jackals
  11 kobolds
  5 quokkas
  2 ball pythons
  A bat (D:2)
  2 frilled lizards (D:4)
  2 hobgoblin zombies (Ossuary)
  A jackal zombie (D:6)
  5 kobold zombies (Ossuary)
  3 orc zombies (Ossuary)
  2 quokka zombies
  6 rats
  A rat zombie (D:7)
298 creatures vanquished.

Vanquished Creatures (others)
  A slave (D:7)
  A jelly (D:7)
  A plant (D:9)
3 creatures vanquished.

Grand Total: 301 creatures vanquished

Notes
Turn   | Place    | Note
-------+----------+-------------------------------------------
     0 | D:1      | xccam the Tengu Assassin began the quest for the Orb.
     0 | D:1      | Reached XP level 1. HP: 12/12 MP: 2/2
    86 | D:1      | Reached XP level 2. HP: 17/17 MP: 3/3
   895 | D:2      | Found an iron altar of Okawaru.
   910 | D:2      | Reached XP level 3. HP: 21/21 MP: 4/4
  1161 | D:2      | Found a burning altar of Makhleb.
  1168 | D:2      | Reached skill level 5 in Short Blades
  1168 | D:2      | Reached XP level 4. HP: 26/26 MP: 5/5
  1215 | D:2      | Noticed Natasha
  1224 | D:2      | Killed Natasha
  1294 | D:2      | Gained mutation: You can fly continuously. [Tengu growth]
  1294 | D:2      | Reached XP level 5. HP: 22/30 MP: 6/6
  1306 | D:2      | Noticed Natasha
  1314 | D:2      | Killed Natasha
  1348 | D:2      | Noticed Natasha
  1357 | D:2      | Killed Natasha
  1695 | D:2      | Found a runed translucent door.
  1696 | D:2      | Noticed Crazy Yiuf
  1702 | D:2      | Killed Crazy Yiuf
  1999 | D:3      | Reached skill level 1 in Armour
  2709 | D:4      | Noticed an ogre
  2735 | D:4      | Killed an ogre
  2735 | D:4      | Reached XP level 6. HP: 9/36 MP: 7/7
  2987 | D:4      | Found a white marble altar of Elyvilon.
  2999 | D:4      | Found a hide-covered altar of Uskayaw.
  3071 | D:4      | Noticed a phantom
  3141 | D:4      | Reached XP level 7. HP: 6/41 MP: 8/8
  3773 | D:4      | Found Rudioluy's Armour Emporium.
  4051 | D:4      | Found a sparkling altar of Nemelex Xobeh.
  4408 | D:4      | Noticed Blork the orc
  4418 | D:4      | Killed Blork the orc
  4673 | D:5      | Entered Level 5 of the Dungeon
  4697 | D:5      | Reached XP level 8. HP: 32/48 MP: 9/9
  4748 | D:5      | Noticed Eustachio
  5207 | D:5      | Killed Eustachio
  5296 | D:5      | Reached skill level 1 in Long Blades
  5509 | D:5      | Reached skill level 2 in Long Blades
  5517 | D:5      | Reached skill level 3 in Long Blades
  5664 | D:5      | Reached skill level 4 in Long Blades
  5989 | D:6      | Reached skill level 5 in Long Blades
  5989 | D:6      | Reached XP level 9. HP: 37/52 MP: 10/10
  5997 | D:6      | Reached skill level 6 in Long Blades
  6208 | D:6      | Found Hoyficac's Food Shoppe.
  6238 | D:6      | Reached skill level 7 in Long Blades
  6332 | D:6      | Found Fyliuvvimism's Book Emporium.
  6417 | D:6      | Reached skill level 8 in Long Blades
  6636 | D:6      | Found Enockan's Weapon Shop.
  6701 | D:7      | Found a sand-covered staircase.
  6708 | Ossuary  | Entered an ossuary
  6762 | Ossuary  | Reached skill level 9 in Long Blades
  7041 | D:7      | Found Vusigrits's Jewellery Shoppe.
  7066 | D:7      | Noticed Pikel
  7084 | D:7      | Killed Pikel
  7084 | D:7      | Reached skill level 10 in Long Blades
  7084 | D:7      | Reached XP level 10. HP: 37/58 MP: 11/11
  7299 | D:7      | Found a staircase to the Ecumenical Temple.
  7316 | Temple   | Entered the Ecumenical Temple
  7413 | Temple   | Became a worshipper of Vehumet
  7456 | D:7      | Found a blossoming altar of Fedhas.
  7474 | D:7      | Noticed Harold
  7489 | D:7      | Killed Harold
  7489 | D:7      | Reached skill level 11 in Long Blades
  7806 | D:7      | Found a hazy altar of Hepliaklqana.
  8308 | D:4      | Bought a +2 buckler of protection for 279 gold pieces
  8390 | D:8      | Paralysed by a hornet for 2 turns
  8401 | D:8      | Reached skill level 1 in Shields
  8655 | D:8      | Noticed a two-headed ogre
  8669 | D:8      | Killed a two-headed ogre
  8698 | D:8      | Noticed a two-headed ogre
  8711 | D:8      | Killed a two-headed ogre
  8711 | D:8      | Reached skill level 5 in Shields
  8711 | D:8      | Reached skill level 12 in Long Blades
  8711 | D:8      | Reached skill level 5 in Dodging
  8740 | D:8      | Found a blossoming altar of Fedhas.
  9006 | D:8      | Found a runed translucent gate.
  9006 | D:8      | Found a runed translucent gate.
  9006 | D:8      | Found a runed translucent gate.
  9013 | D:8      | Noticed windycow's ghost (novice CeHu)
  9013 | D:8      | Noticed Asparus's ghost (novice DEAE)
  9015 | D:8      | Noticed NoobNation's ghost (novice FoGl)
  9015 | D:8      | Noticed Jaiteiro's ghost (novice FoHu)
  9017 | D:8      | Noticed wineyard's ghost (journeyman HOGl)
  9112 | D:8      | Reached * piety under Vehumet
  9112 | D:8      | Offered knowledge of Sandblast by Vehumet.
  9119 | D:8      | Learned a level 1 spell: Sandblast
  9194 | D:8      | Reached skill level 5 in Fighting
  9383 | D:9      | Noticed a two-headed ogre
  9388 | D:9      | Reached XP level 11. HP: 63/63 MP: 12/12
  9398 | D:9      | Killed a two-headed ogre
  9398 | D:9      | Reached skill level 5 in Armour
  9559 | D:9      | Noticed an unseen horror
  9580 | D:9      | Killed an unseen horror
  9780 | D:9      | Offered knowledge of Searing Ray by Vehumet.
  9786 | D:9      | Reached ** piety under Vehumet
  9808 | D:9      | Learned a level 2 spell: Searing Ray
  9985 | D:9      | Reached skill level 1 in Conjurations
 10038 | D:9      | Reached skill level 1 in Spellcasting
 10125 | D:9      | Offered knowledge of Ignite Poison by Vehumet.
 10181 | D:9      | Found a staircase to the Lair.
 10595 | D:10     | Entered Level 10 of the Dungeon
 10633 | D:10     | Reached *** piety under Vehumet
 10643 | D:10     | Noticed a brown ugly thing
 10670 | D:10     | Killed a brown ugly thing
 10716 | D:10     | Found a staircase to the Orcish Mines.
 10763 | D:10     | Reached skill level 13 in Long Blades
 10827 | D:10     | Offered knowledge of Frozen Ramparts by Vehumet.
 10966 | D:10     | Reached XP level 12. HP: 71/71 MP: 17/17
 11059 | D:10     | Found Sidolurph's Distillery.
 11064 | D:10     | Bought a potion of heal wounds for 75 gold pieces
 11064 | D:10     | Bought a potion of heal wounds for 75 gold pieces
 11064 | D:10     | Bought 2 potions of curing for 90 gold pieces
 11243 | D:11     | Noticed Fannar
 11406 | D:11     | Killed Fannar
 11406 | D:11     | Reached skill level 5 in Conjurations
 11698 | D:11     | Noticed Snorg
 11704 | D:11     | Reached **** piety under Vehumet
 11727 | D:11     | Mangled by Snorg

Illustrated notes

Levels and vault maps discovered:
D:1:      lemuel_arrival_cross, layout_loops_ring
D:2:      layout_rooms, okawaru_ov_weapons_minmay, makhleb_heckhound_becter,
          uniq_natasha, uniq_crazy_yiuf_cottage
D:3:      layout_rooms
D:4:      minmay_evil_eye, layout_basic, lemuel_round_altar, old_standard_altar,
          serial_shops, shop, nemelex_diamond_rough_becter, uniq_blork_the_orc
D:5:      layout_rooms, first_ration, uniq_eustachio
D:6:      layout_rooms, serial_shops, shop, kennysheep_mini, shop,
          lemuel_another_geyser
D:7:      layout_layer_cave, lemuel_coloured_pillars_altar,
          minmay_temple_entry_waves, basic_altar, enter_ossuary_4, serial_shops,
          kennysheep_mini_moat, uniq_pikel, uniq_harold
D:8:      layout_basic, fedhas_altar_fruit_tree, gammafunk_ghost_cemetery
D:9:      cheibrodos_fzero, layout_basic, erik_lair_orcish_takeover
D:10:     layout_rooms, orc_0_dummy, serial_shops, kennysheep_little_box
D:11:     layout_basic, uniq_snorg, uniq_psyche, uniq_fannar, uniq_nergalle
Temple:   eino_temple_scatter_basement

Skill      XL: |  1  2  3  4  5  6  7  8  9 10 11 12 |
---------------+-------------------------------------+-----
Short Blades   | 3 5 6 |  6.5
Armour         | 1 2 3 4 6 |  6.4
Dodging        | 2 4 5 6 7 |  7.0
Fighting       | 3 4 5 6 |  6.6
Throwing       | 3 4 |  4.0
Long Blades    | 5 10 12 13 | 13.4
Shields        | 5 |  5.0
Conjurations   | 4 5 |  5.0
Spellcasting   | 3 |  3.0
Stealth        | |  4.0

Action                   |  1- 3 |  4- 6 |  7- 9 | 10-12 || total
-------------------------+-------+-------+-------+-------++-------
Melee: Dagger            |    53 |   119 |   234 |       ||   406
       Peck              |     5 |    17 |    83 |    89 ||   194
       Kick              |     7 |    31 |   132 |   146 ||   316
       Falchion          |       |       |   274 |   528 ||   802
Throw: Dart              |       |    24 |     6 |    12 ||    42
 Cast: Searing Ray       |       |       |       |     2 ||     2
 Abil: Fly               |       |     1 |       |       ||     1
Evoke: Wand              |       |       |       |     6 ||     6
  Use: Scroll            |       |     3 |    10 |     8 ||    21
       Potion            |       |     1 |     3 |     2 ||     6
 Stab: Sleeping          |     8 |     3 |    12 |    11 ||    34
       Distracted        |       |     1 |     3 |     3 ||     7
       Paralysed         |       |       |       |     4 ||     4
  Eat: Chunk             |     1 |     6 |    12 |    11 ||    30
       Ration            |       |       |       |     1 ||     1
Armor: Robe              |     9 |     4 |       |       ||    13
       Leather armour    |       |       |    52 |    46 ||    98
       Skin              |       |       |    21 |    27 ||    48
Dodge: Dodged            |    21 |    38 |   266 |   219 ||   544
Block: Other             |     6 |    13 |    83 |     5 ||   107
       Reflection        |       |     2 |     1 |     9 ||    12
       Buckler           |       |       |       |   241 ||   241
       Rpst.: Falchion   |       |       |    45 |    51 ||    96
